 Dungeon Crawl Stone Soup version 0.27.1 (webtiles) character file.

Game seed: 9806341920695785336

80 Descartes the Grasshopper (level 4, 0/25 HPs)
             Began as a Deep Elf Wanderer on Sept 4, 2021.
             Was a Believer of Elyvilon.
             Slain by a gnoll (2 damage)
             ... on level 3 of the Dungeon.
             The game lasted 00:04:11 (1512 turns).

Descartes the Grasshopper (Deep Elf Wanderer)       Turns: 1512, Time: 00:04:11

Health: 0/25       AC:  5    Str: 11    XL:     4   Next: 18%
Magic:  7/7        EV:  7    Int: 18    God:    Elyvilon [**....]
Gold:   82         SH:  0    Dex: 12    Spells: 5/5 levels left

rFire    . . .     SeeInvis .   a - +2 shortbow
rCold    . . .     Faith    .   (shield currently unavailable)
rNeg     . . .     Spirit   .   c - +0 ring mail
rPois    .         Reflect  .   (no helmet)
rElec    .         Harm     .   (no cloak)
rCorr    .         Rampage  .   (no gloves)
Will     .....                  (no boots)
Stlth    +.........             (no amulet)
HPRegen  0.08/turn              (no ring)
MPRegen  0.10/turn              (no ring)

@: slowed, constricted, very slow
A: no striking features
a: Renounce Religion, Lesser Healing, Heal Other, Divine Protection


You were on level 3 of the Dungeon.
You worshipped Elyvilon.
Elyvilon was pleased with you.
You visited 1 branch of the dungeon, and saw 3 of its levels.

You collected 82 gold pieces.

Inventory:

Hand Weapons
 a - a +2 shortbow (weapon)
 j - a +0 hunting sling
Missiles
 b - 25 arrows (quivered ammo)
 h - 55 stones
 i - 2 curare-tipped darts
 k - 22 sling bullets
Armour
 c - a +0 ring mail (worn)
Scrolls
 e - a scroll of teleportation {unknown}
 l - a scroll of blinking {unknown}
 q - 3 scrolls of enchant armour {unknown}
Potions
 d - a potion of curing
 f - a potion of brilliance {unknown}
 g - 2 potions of mutation {unknown}
 m - a potion of berserk rage {unknown}
 n - 2 potions of ambrosia {unknown}
 o - a potion of magic {unknown}
 p - a potion of heal wounds {unknown}
 r - a potion of might {unknown}


   Skills:
 - Level 1.5 Fighting
 + Level 2.4 Bows
 - Level 2.0 Throwing
 - Level 1.5 Armour
 + Level 2.1 Dodging
 + Level 2.4 Stealth
 + Level 1.3 Spellcasting
 + Level 1.3 Hexes
 - Level 1.1 Summonings
 + Level 2.6 Translocations


You had 5 spell levels left.
You didn't know any spells.
Your spell library contained the following spells:

 Spells                   Type           Power      Damage    Failure   Level
 Portal Projectile        Hex/Tloc       16%        N/A       52%         3
 Call Canine Familiar     Summ           5%         N/A       65%         3
 Leda's Liquefaction      Hex/Erth       1%         N/A       98%         4


Dungeon Overview and Level Annotations

Branches:
Dungeon (3/15)

Altars:
Elyvilon

Annotations:
D:3 Jessica


Message History

Jessica hits you with a +0 club! Jessica hits you with a +0 club.
You shoot an arrow. The arrow hits Jessica.
Jessica is moderately wounded.
Jessica barely misses you.
A gnoll comes into view. It is wielding a +0 spear.
Jessica gestures at you while chanting.
You barely resist.
The ball python bites you but does no damage.
The ball python grabs you.
You stop ascending the stairs.
The ball python constricts you.
Jessica shouts, "You're disturbing me!
I'll have to kill you!" Jessica hits you with a +0 club.
The ball python bites you but does no damage.
The ball python constricts you. The gnoll barely misses you.
The ball python's grasp on you weakens, but your attempt to escape fails.
Jessica barely misses you.
A gnoll comes into view. It is wielding a +0 spear.
The ball python bites you but does no damage.
The ball python constricts you.
Jessica looks very angry.
Jessica gestures at you while chanting.
You feel yourself slow down. The gnoll hits you with a +0 flail.
You escape the ball python's grasp.
Jessica hits you but does no damage.
The ball python bites you but does no damage.
The ball python grabs you.
You stop ascending the stairs.
The ball python constricts you. The gnoll barely misses you.
The gnoll hits you with a +0 flail. Jessica hits you but does no damage.
Unknown command.
You escape the ball python's grasp.
Jessica hits you with a +0 club.
* * * LOW HITPOINT WARNING * * *
The gnoll hits you with a +0 whip.
* * * LOW HITPOINT WARNING * * *
The ball python bites you.
* * * LOW HITPOINT WARNING * * *
The ball python grabs you.
You stop ascending the stairs.
The ball python constricts you. Jessica hits you but does no damage.
The gnoll hits you with a +0 flail! Elyvilon protects you from harm!
The gnoll hits you with a +0 whip.
You die...

##.#.#g.......
.............
............#
.........g..##
.............#
.......g.....#
......gg.....##
......@@(.....(
...##..S.......
#.....(....
............
..........(.(
.....####.#####
..... .# #.###
..


You could see 5 gnolls, Jessica (fast) and a ball python.

Vanquished Creatures
  3 adders (D:2)
  A worm (D:2)
  A dart slug (D:1)
  A bat (D:2)
  7 endoplasms
  4 giant cockroaches
  6 goblins
  5 hobgoblins
  5 kobolds (D:1)
  A quokka (D:2)
  4 ball pythons
  A frilled lizard (D:1)
  4 rats
43 creatures vanquished.

Notes
Turn   | Place    | Note
-------+----------+-------------------------------------------
     0 | D:1      | Descartes the Deep Elf Wanderer began the quest for the
                  | Orb.
     0 | D:1      | Descartes set off with the following items: a +2 shortbow,
                  | 25 arrows, a +0 ring mail, a potion of curing
     0 | D:1      | Reached XP level 1. HP: 12/12 MP: 3/3
    69 | D:1      | Reached skill level 1 in Dodging
    69 | D:1      | Reached skill level 1 in Stealth
   114 | D:1      | Reached XP level 2. HP: 16/16 MP: 4/4
   184 | D:1      | Found a faded altar of an unknown god.
   194 | D:1      | Became a worshipper of Elyvilon the Healer
   194 | D:1      | Reached * piety under Elyvilon
   627 | D:1      | Reached XP level 3. HP: 20/20 MP: 5/5
   836 | D:2      | Reached ** piety under Elyvilon
   871 | D:2      | Reached skill level 1 in Spellcasting
  1066 | D:2      | Reached skill level 1 in Hexes
  1215 | D:2      | Reached XP level 4. HP: 22/25 MP: 7/7
  1500 | D:3      | Noticed Jessica
  1512 | D:3      | Elyvilon protects you from harm!
  1512 | D:3      | Slain by a gnoll

Illustrated notes

Levels and vault maps discovered:
D:1:      noname_arrival_rooms_in_the_neighbourhood, layout_loops_ring,
          chequers_ecumenical_altar_simple, kennysheep_flooded_box
D:2:      layout_rooms, serial_aquarium, aquarium_bridge_square
          [aquarium_subvault_window, aquarium_subvault_bridge,
          aquarium_subvault_wall, aquarium_subvault_bridge], aquarium_window_2,
          aquarium_window_corner, aquarium_window_fake, aquarium_window_2,
          aquarium_view_2c, aquarium_view_2c
D:3:      layout_basic, slow_altar_1, uniq_jessica

Skill      XL: |  1  2  3 |
---------------+----------+-----
Dodging        | 1 2 |  2.1
Stealth        | 1 2 |  2.4
Bows           | 2 |  2.4
Spellcasting   | 1 |  1.3
Hexes          | 1 |  1.3
Fighting       | |  1.5
Throwing       | |  2.0
Armour         | |  1.5
Summonings     | |  1.1
Translocations | |  2.6

Action                   |  1- 3 |  4- 6 || total
-------------------------+-------+-------++-------
 Fire: Shortbow          |    88 |    12 ||   100
Armor: Ring mail         |    13 |    10 ||    23
Dodge: Dodged            |     8 |     5 ||    13
